NWL (28 & UNDER)
LA CROSSE LOGGERS @ SAN DIEGO SMASHERS
09/12/2024
 
TOP OF THE 1ST
La Crosse Loggers batting - Pitching for San Diego Smashers : LHP John Lawson
Pitching: LHP John Lawson
Batting: RHB James Jenkins 0-0: Ground out 4-3 (Groundball, 4)
Batting: RHB Jimmy Smith 0-0: Called Strike
0-1: Ball
1-1: Foul Ball, location: 2F
1-2: Ball
2-2: Ball
3-2: Fly out, F9 (Line Drive, 9S)
Batting: RHB Vernon Romo 0-0: Called Strike
0-1: Swinging Strike
0-2: Ball
1-2: Strikes out looking
Top of the 1st over - 0 run(s), 0 hit(s), 0 error(s), 0 left on base; La Crosse 0 - San Diego 0
BOTTOM OF THE 1ST
San Diego Smashers batting - Pitching for La Crosse Loggers : RHP Jaime Martínez
Pitching: RHP Jaime Martínez
Batting: RHB Ryan Cates 0-0: Ball
1-0: Ball
2-0: Ground out 6-3 (Groundball, 6)
Batting: RHB Armando Colón 0-0: Foul Ball, location: 2F
0-1: Ball
1-1: Foul Ball, location: 2F
1-2: Ball
2-2: Ball
3-2: SINGLE (Groundball, 6MD)
Batting: RHB Luis Martínez 0-0: Ball
1-0: Foul Ball, location: 2F
1-1: Grounds into double play, 1-6-3 (Groundball, 13)
Bottom of the 1st over - 0 run(s), 1 hit(s), 0 error(s), 0 left on base; La Crosse 0 - San Diego 0
TOP OF THE 2ND
La Crosse Loggers batting - Pitching for San Diego Smashers : LHP John Lawson
Batting: RHB William Farmer 0-0: Called Strike
0-1: Swinging Strike
0-2: Ball
1-2: Strikes out looking
Batting: LHB Ricardo Ruíz 0-0: Foul Ball, location: 2F
0-1: Ball
1-1: Fly out, F7 (Flyball, 78M)
Batting: LHB Enrique Tirado 0-0: Called Strike
0-1: Ball
1-1: Ball
2-1: Ball
3-1: Base on Balls
Batting: LHB Oliver Beltrán 0-0: Called Strike
0-1: Fly out, F7 (Flyball, 7LM)
Top of the 2nd over - 0 run(s), 0 hit(s), 0 error(s), 1 left on base; La Crosse 0 - San Diego 0
BOTTOM OF THE 2ND
San Diego Smashers batting - Pitching for La Crosse Loggers : RHP Jaime Martínez
Batting: LHB Brent Alonzo 0-0: Ball
1-0: Ball
2-0: Ball
3-0: Base on Balls
Batting: RHB Cisco Gatán 0-0: Ground out 5-3 (Groundball, 5S)
Brent Alonzo to second
Batting: RHB Marty Hendrickson 0-0: Ball
1-0: Ball
2-0: Ball
3-0: Called Strike
3-1: Called Strike
3-2: Fly out, F9 (Flyball, 9M)
Batting: RHB Gustavo Torres 0-0: Ball
1-0: Ground out 5-3 (Groundball, 5L)
Bottom of the 2nd over - 0 run(s), 0 hit(s), 0 error(s), 1 left on base; La Crosse 0 - San Diego 0
TOP OF THE 3RD
La Crosse Loggers batting - Pitching for San Diego Smashers : LHP John Lawson
Batting: LHB David Doyle 0-0: Called Strike
0-1: Swinging Strike
0-2: Ball
1-2: Ground out 6-3 (Groundball, 6)
Batting: RHB Lloyd Harvey 0-0: Ball
1-0: Fly out, F8 (Flyball, 8RM)
Batting: RHB James Jenkins 0-0: Ball
1-0: Fly out, F9 (Flyball, 9D)
Top of the 3rd over - 0 run(s), 0 hit(s), 0 error(s), 0 left on base; La Crosse 0 - San Diego 0
BOTTOM OF THE 3RD
San Diego Smashers batting - Pitching for La Crosse Loggers : RHP Jaime Martínez
Batting: RHB Manuel Muńóz 0-0: Ball
1-0: Foul Ball, location: 2F
1-1: Ball
2-1: Foul Ball, location: 2F
2-2: Strikes out swinging
Batting: SHB Adrián Nieto 0-0: SINGLE (Groundball, 34D)
Batting: RHB Ryan Cates 0-0: Called Strike
0-1: Swinging Strike
0-2: Ball
1-2: Ball
2-2: Foul Ball, location: 2F
2-2: Strikes out swinging
Batting: RHB Armando Colón 0-0: Ball
1-0: Ground out 5-3 (Groundball, 56S)
Bottom of the 3rd over - 0 run(s), 1 hit(s), 0 error(s), 1 left on base; La Crosse 0 - San Diego 0
TOP OF THE 4TH
La Crosse Loggers batting - Pitching for San Diego Smashers : LHP John Lawson
Batting: RHB Jimmy Smith 0-0: SOLO HOME RUN (Flyball, 9D), Distance : 387 ft
Batting: RHB Vernon Romo 0-0: Swinging Strike
0-1: Swinging Strike
0-2: Ball
1-2: Ball
2-2: Fly out, F8 (Flyball, 8LM)
Batting: RHB William Farmer 0-0: Ball
1-0: Ball
2-0: Called Strike
2-1: Foul Ball, location: 2F
2-2: Ground out 4-3 (Groundball, 4)
Batting: LHB Ricardo Ruíz 0-0: Ground out U3 (Groundball, 3L)
Top of the 4th over - 1 run(s), 1 hit(s), 0 error(s), 0 left on base; La Crosse 1 - San Diego 0
BOTTOM OF THE 4TH
San Diego Smashers batting - Pitching for La Crosse Loggers : RHP Jaime Martínez
Batting: RHB Luis Martínez 0-0: SINGLE (Line Drive, 56)
Batting: LHB Brent Alonzo 0-0: Swinging Strike
0-1: Swinging Strike
0-2: Ball
1-2: Ball
2-2: Ball
3-2: Base on Balls
Luis Martínez to second
Batting: RHB Cisco Gatán 0-0: Ball
1-0: Ball
2-0: Called Strike
2-1: Swinging Strike
2-2: Strikes out swinging
Batting: RHB Marty Hendrickson 0-0: Called Strike
0-1: Foul Ball, location: 2F
0-2: Strikes out swinging
Batting: RHB Gustavo Torres 0-0: Ball
1-0: Called Strike
1-1: Ball
2-1: Foul Ball, location: 2F
2-2: Foul Ball, location: 2F
2-2: Foul Ball, location: 2F
2-2: SINGLE (Groundball, 13) (infield hit)
Luis Martínez to third
Brent Alonzo to second
Batting: RHB Manuel Muńóz 0-0: Swinging Strike
0-1: Ball
1-1: Ball
2-1: Foul Ball, location: 2F
2-2: Ball
3-2: Strikes out swinging
Bottom of the 4th over - 0 run(s), 2 hit(s), 0 error(s), 3 left on base; La Crosse 1 - San Diego 0
TOP OF THE 5TH
La Crosse Loggers batting - Pitching for San Diego Smashers : LHP John Lawson
Batting: LHB Enrique Tirado 0-0: Called Strike
0-1: Foul Ball, location: 2F
0-2: Ball
1-2: Strikes out swinging
Batting: LHB Oliver Beltrán 0-0: Foul Ball, location: 2F
0-1: Ball
1-1: Ball
2-1: Ground out U3 (Groundball, 3L)
Batting: LHB David Doyle 0-0: Fly out, F6 (Popup, 6)
Top of the 5th over - 0 run(s), 0 hit(s), 0 error(s), 0 left on base; La Crosse 1 - San Diego 0
BOTTOM OF THE 5TH
San Diego Smashers batting - Pitching for La Crosse Loggers : RHP Jaime Martínez
Batting: SHB Adrián Nieto 0-0: Ball
1-0: Swinging Strike
1-1: Called Strike
1-2: Ball
2-2: Ground out 4-3 (Groundball, 34)
Batting: RHB Ryan Cates 0-0: Ball
1-0: Called Strike
1-1: Ball
2-1: SINGLE (Line Drive, 56D)
Batting: RHB Armando Colón 0-0: Called Strike
0-1: Swinging Strike
0-2: Ball
1-2: Foul Ball, location: 2F
1-2: Ball
2-2: Strikes out swinging
Batting: RHB Luis Martínez 0-0: Swinging Strike
0-1: 2-RUN HOME RUN (Flyball, 7LD), Distance : 331 ft
Batting: LHB Brent Alonzo 0-0: Foul Ball, location: 2F
0-1: Ball
1-1: Ball
2-1: SINGLE (Line Drive, 9S)
Batting: RHB Cisco Gatán 0-0: Ball
1-0: Ball
2-0: Foul Ball, location: 2F
2-1: Foul Ball, location: 2F
2-2: Ball
3-2: Fly out, F8 (Line Drive, 8RD)
Bottom of the 5th over - 2 run(s), 3 hit(s), 0 error(s), 1 left on base; La Crosse 1 - San Diego 2
TOP OF THE 6TH
La Crosse Loggers batting - Pitching for San Diego Smashers : LHP John Lawson
Batting: RHB Lloyd Harvey 0-0: Swinging Strike
0-1: Swinging Strike
0-2: Ball
1-2: Strikes out swinging
Batting: RHB James Jenkins 0-0: Foul Ball, location: 2F
0-1: Reached on error, E6 (Groundball, 6)
Batting: RHB Jimmy Smith 0-0: Ball
1-0: Ball
2-0: Ball
3-0: Called Strike
3-1: Called Strike
3-2: SINGLE (Groundball, 56D)
James Jenkins to second
Batting: RHB Vernon Romo 0-0: Ball
1-0: Foul Ball, location: 2F
1-1: Swinging Strike
1-2: Ground out 3-1 (Groundball, 34)
James Jenkins to third
Jimmy Smith to second
Batting: RHB William Farmer 0-0: Ball
1-0: Ball
2-0: Ball
3-0: Base on Balls
Batting: LHB Ricardo Ruíz 0-0: Ball
1-0: Called Strike
1-1: Foul Ball, location: 2F
1-2: Strikes out swinging
Top of the 6th over - 0 run(s), 1 hit(s), 1 error(s), 3 left on base; La Crosse 1 - San Diego 2
BOTTOM OF THE 6TH
San Diego Smashers batting - Pitching for La Crosse Loggers : RHP Jaime Martínez
Pitching: RHP Jim Miller
Batting: RHB Marty Hendrickson 0-0: Ball
1-0: Called Strike
1-1: Fly out, F9 (Line Drive, 9M)
Batting: RHB Gustavo Torres 0-0: Called Strike
0-1: Hit by Pitch
Batting: RHB Manuel Muńóz 0-0: Ball
1-0: Foul Ball, location: 2F
1-1: Ball
2-1: Fly out, F8 (Flyball, 8LS)
Batting: SHB Adrián Nieto 0-0: Ball
1-0: Ball
2-0: Called Strike
2-1: Ball
3-1: Base on Balls
Gustavo Torres to second
Batting: RHB Ryan Cates 0-0: SINGLE (Flyball, 9LS)
Gustavo Torres to third
Adrián Nieto to second
Runner from 3rd tries for Home, SAFE, no throw or cutoff
Batting: RHB Armando Colón 0-0: Called Strike
0-1: Foul Ball, location: 2F
0-2: Ball
1-2: DOUBLE (Groundball, 5L)
Adrián Nieto scores
Ryan Cates to third
Runner from 3rd tries for Home, SAFE, no throw or cutoff
Batting: RHB Luis Martínez 0-0: Foul Ball, location: 2F
0-1: Ball
1-1: Ball
2-1: Foul Ball, location: 2F
2-2: Strikes out swinging
Bottom of the 6th over - 3 run(s), 2 hit(s), 0 error(s), 1 left on base; La Crosse 1 - San Diego 5
TOP OF THE 7TH
La Crosse Loggers batting - Pitching for San Diego Smashers : LHP John Lawson
Batting: LHB Enrique Tirado 0-0: Called Strike
0-1: Fly out, F8 (Flyball, 89D)
Batting: LHB Oliver Beltrán 0-0: Ball
1-0: Ball
2-0: Ground out 4-3 (Groundball, 4)
Batting: LHB David Doyle 0-0: Called Strike
0-1: Swinging Strike
0-2: Foul Ball, location: 2F
0-2: SINGLE (Groundball, 56D)
Batting: RHB Lloyd Harvey 0-0: Called Strike
0-1: Ball
1-1: Fly out, F6 (Line Drive, 6)
Top of the 7th over - 0 run(s), 1 hit(s), 0 error(s), 1 left on base; La Crosse 1 - San Diego 5
BOTTOM OF THE 7TH
San Diego Smashers batting - Pitching for La Crosse Loggers : RHP Jim Miller
Batting: LHB Brent Alonzo 0-0: Called Strike
0-1: Foul Ball, location: 2F
0-2: Foul Ball, location: 2F
0-2: Foul Ball, location: 2F
0-2: Ball
1-2: SINGLE (Groundball, 34D)
Batting: RHB Cisco Gatán 0-0: Ball
1-0: Ball
2-0: Swinging Strike
2-1: Ball
3-1: Base on Balls
Brent Alonzo to second
Batting: RHB Marty Hendrickson 0-0: Foul Ball, location: 2F
0-1: Foul Ball, location: 2F
0-2: Ball
1-2: Strikes out swinging
Batting: RHB Gustavo Torres 0-0: Ball
1-0: Foul Ball, location: 2F
1-1: Foul Ball, location: 2F
1-2: Ball
2-2: Ball
3-2: Foul Ball, location: 2F
3-2: Base on Balls
Brent Alonzo to third
Cisco Gatán to second
Batting: RHB Manuel Muńóz 0-0: Called Strike
0-1: Ball
1-1: SINGLE (Line Drive, 34D)
Brent Alonzo scores
Cisco Gatán to third
Gustavo Torres to second
Pitching: LHP Juan Espinosa
Batting: SHB Adrián Nieto 0-0: DOUBLE (Line Drive, 7LM)
Cisco Gatán scores
Gustavo Torres scores
Manuel Muńóz to third
Batting: RHB Ryan Cates 0-0: Ball
1-0: Called Strike
1-1: Foul Ball, location: 2F
1-2: Strikes out swinging
Batting: RHB Armando Colón 0-0: Called Strike
0-1: Ball
1-1: Called Strike
1-2: Ball
2-2: SINGLE (Groundball, 4D)
Manuel Muńóz scores
Adrián Nieto to third
Runner from 3rd tries for Home, SAFE, no throw or cutoff
Batting: RHB Luis Martínez 0-0: Called Strike
0-1: Foul Ball, location: 2F
0-2: 2-RUN HOME RUN (Line Drive, 78XD), Distance : 416 ft
Batting: LHB Brent Alonzo 0-0: Called Strike
0-1: Foul Ball, location: 2F
0-2: Ball
1-2: Fly out, F7 (Flyball, 7S)
Bottom of the 7th over - 7 run(s), 5 hit(s), 0 error(s), 0 left on base; La Crosse 1 - San Diego 12
TOP OF THE 8TH
La Crosse Loggers batting - Pitching for San Diego Smashers : LHP John Lawson
Now at 1B: Bill Savage
Now at SS: José González
Batting: RHB James Jenkins 0-0: Ball
1-0: Foul Ball, location: 2F
1-1: Called Strike
1-2: Foul Ball, location: 2F
1-2: SINGLE (Flyball, 89S)
Pitching: RHP Bill Elliott
Batting: RHB Jimmy Smith 0-0: Swinging Strike
0-1: SINGLE (Line Drive, 4M)
James Jenkins to second
Batting: RHB Vernon Romo 0-0: Fly out, F5 (Line Drive, 5S)
Batting: RHB William Farmer 0-0: Called Strike
0-1: Swinging Strike
0-2: Foul Ball, location: 2F
0-2: Foul Ball, location: 2F
0-2: Ball
1-2: Ball
2-2: Grounds into double play, 6-4-3 (Groundball, 6)
Top of the 8th over - 0 run(s), 2 hit(s), 0 error(s), 1 left on base; La Crosse 1 - San Diego 12
BOTTOM OF THE 8TH
San Diego Smashers batting - Pitching for La Crosse Loggers : LHP Juan Espinosa
Batting: RHB Cisco Gatán 0-0: Swinging Strike
0-1: Called Strike
0-2: Ball
1-2: Foul Ball, location: 2F
1-2: Ball
2-2: Foul Ball, location: 2F
2-2: Foul Ball, location: 2F
2-2: Ball
3-2: Foul Ball, location: 2F
3-2: Base on Balls
Batting: RHB Marty Hendrickson 0-0: Ball
1-0: Foul Ball, location: 2F
1-1: Foul Ball, location: 2F
1-2: Ball
2-2: Grounds into double play, 6-4-3 (Groundball, 6)
Batting: RHB Gustavo Torres 0-0: Ball
1-0: Foul Ball, location: 2F
1-1: SINGLE (Groundball, 5D)
Batting: RHB Manuel Muńóz 0-0: Called Strike
0-1: Ball
1-1: Ball
2-1: Ball
3-1: Base on Balls
Gustavo Torres to second
Batting: SHB Adrián Nieto 0-0: Ball
1-0: Called Strike
1-1: Ground out 6-3 (Groundball, 6)
Bottom of the 8th over - 0 run(s), 1 hit(s), 0 error(s), 2 left on base; La Crosse 1 - San Diego 12
TOP OF THE 9TH
La Crosse Loggers batting - Pitching for San Diego Smashers : RHP Bill Elliott
Batting: LHB Ricardo Ruíz 0-0: Ball
1-0: Fly out, F7 (Line Drive, 78M)
Batting: LHB Enrique Tirado 0-0: Ground out 2-3 (Groundball, 15S)
Batting: LHB Oliver Beltrán 0-0: Ball
1-0: Foul Ball, location: 2F
1-1: Ball
2-1: Fly out, F8 (Flyball, 8RD)
Top of the 9th over - 0 run(s), 0 hit(s), 0 error(s), 0 left on base; La Crosse 1 - San Diego 12
This league is powered by Out of the Park Baseball, the baseball management simulation game for PC, Mac and Linux
Saturday, April 9th, 2016 - OOTP Baseball 16.8 Build 38